 Dungeon Crawl Stone Soup version 0.17.1-2-g5865329 (webtiles) character file.

513 Jerry the Stinger (level 7, -1/43 HPs)
             Began as an Octopode Wizard on Feb 10, 2016.
             Killed from afar by an orc wizard (15 damage)
             ... with a puff of frost
             ... on level 3 of the Dungeon on Feb 11, 2016.
             The game lasted 00:49:00 (6974 turns).

Jerry the Stinger (Octopode Wizard)                 Turns: 6974, Time: 00:49:00

Health: -1/43      AC:  1    Str:  8    XL:     7   Next: 19%
Magic:  8/12       EV: 12    Int: 20    God:
Gold:   170        SH:  0    Dex: 11    Spells: 3 memorised, 7 levels left

rFire  + . .     SeeInvis .     e - +1 trident
rCold  x . .     Clarity  .     (no shield)
rNeg   . . .     SustAt   .     a - +0 hat
rPois  .         Gourm    .     (no amulet)
rElec  .         Spirit   .     l - ring of protection from magic
rCorr  .         Warding  .     m - ring of fire
rMut   .         Stasis   .     (no ring)
MR     +....                    (no ring)
Stlth  +++.......               (no ring)
                                (no ring)
                                (no ring)
                                (no ring)

@: somewhat resistant to hostile enchantments, fairly stealthy
A: almost no armour, amphibious, 8 rings, constrict 8, camouflage 1, gelatinous
body 1
a: no special abilities


You were on level 3 of the Dungeon.
You were very hungry.

You visited 1 branch of the dungeon, and saw 5 of its levels.

You collected 170 gold pieces.

Inventory:

Hand Weapons
 e - a +1 trident (weapon)
 i - a +0 dagger
 j - a +1 vampiric dagger
 p - a +1 dagger of electrocution
 t - a +0 short sword of flaming
Armour
 a - a +0 hat (worn)
Jewellery
 l - a ring of protection from magic (left tentacle)
 m - a ring of fire (right tentacle)
 q - an uncursed ring of positive energy {unknown}
Wands
 v - a wand of random effects (18)
Scrolls
 f - 2 scrolls of enchant weapon
 k - 2 scrolls of recharging {unknown}
 w - a scroll of identify
 x - a scroll of fear {unknown}
 y - a scroll of teleportation {unknown}
Potions
 d - 2 potions of cancellation {unknown}
 h - a potion of heal wounds {unknown}
 n - a potion of invisibility {unknown}
 r - a potion of magic {unknown}
 s - a potion of degeneration {unknown}
 z - 2 potions of flight {unknown}
Books
 b - a book of Minor Magic

   Spells                             Type                      Level
   a - Magic Dart                     Conjuration                  1
   b - Blink                          Translocation                2
   c - Call Imp                       Summoning                    2
   d - Repel Missiles                 Charms/Air                   2
   e - Slow                           Hexes                        2
   f - Conjure Flame                  Conjuration/Fire             3
   g - Mephitic Cloud                 Conjuration/Poison/Air       3
Comestibles
 c - 3 bread rations
 g - 3 slices of pizza
 o - a beef jerky
 u - a meat ration


   Skills:
 + Level 1.1 Fighting
 + Level 2.4 Dodging
 - Level 2.6 Stealth
 + Level 3.5 Spellcasting
 - Level 3.0 Conjurations
   Level 1.0 Summonings
 - Level 3.0 Translocations
 - Level 3.1 Air Magic
 - Level 4.4 Poison Magic


You had 7 spell levels left.
You knew the following spells:

 Your Spells              Type           Power        Failure   Level  Hunger
a - Magic Dart            Conj           ###.         4%          1    None
b - Mephitic Cloud        Conj/Pois/Air  ###.....     12%         3    ###....
c - Blink                 Tloc           N/A          10%         2    ##.....


Dungeon Overview and Level Annotations

Branches:
Dungeon (5/15)
 Temple: D:4-7

Altars:
Fedhas
Nemelex Xobeh
Ru
Xom
The Shining One

Annotations:
D:5 Eustachio


Innate Abilities, Weirdness & Mutations

You cannot wear most types of armour.
You are amphibious.
You can wear up to eight rings at the same time.
You can use your tentacles to constrict eight enemies at once.
Your skin changes colour to match your surroundings (Stealth).
Your rubbery body absorbs attacks (AC +1).


Message History

You constrict the orc priest, but do no damage.
You hear some strange, mumbled words.
A magic dart appears from out of thin air!
The magic dart hits you! Something barely misses you.
The orc priest completely misses you.
You hit the orc priest.
You kill the orc priest!
Something hits you. Something barely misses you.
You can't go down here!
You hear some strange, mumbled words.
A magic dart appears from out of thin air!
The magic dart hits you! Something hits you.
You climb upwards.
There is a stone staircase leading down here.
You start resting.
Something hits you. Something completely misses you.
You start resting.
You hear some strange, mumbled words.
A puff of frost appears from out of thin air!
The puff of frost hits you!
You feel a terrible chill!
You die...

#.#........#.#######......###
#.#.######.#.................
#.#.# #.#.................
#.#.# #.#.................
##.#.######.#.................
#...........#.............[...
##.#.########........#'#'#####
#.#.# ##...............##
###.# ##>@..............'.
#.######.................##
#.#....')...........#'####.
#.#.####...................
#.#.# #....................
#.#.# #....................
#.#.# #....................
#.#.# #........####........
#.#.###......#.# #........


There were no monsters in sight!

Vanquished Creatures
  3 orc priests
  3 worker ants (D:4)
  2 orc wizards
  An iguana (D:3)
  4 gnolls
  11 adders
  2 adder zombies (D:1)
  3 worms
  An adder skeleton (D:4)
  14 orcs
  3 giant cockroaches
  12 goblins
  10 hobgoblins
  A quokka (D:3)
  2 ball pythons
  10 bats
  5 giant geckos
  4 giant newts
  6 jackals
  7 kobolds
  14 rats
118 creatures vanquished.

Notes
Turn   | Place    | Note
--------------------------------------------------------------
     0 | D:1      | Jerry the Octopode Wizard began the quest for the Orb.
     0 | D:1      | Reached XP level 1. HP: 11/11 MP: 4/4
   251 | D:1      | Reached XP level 2. HP: 9/17 MP: 0/6
   871 | D:1      | Reached XP level 3. HP: 21/21 MP: 0/7
  1042 | D:1      | Learned a level 3 spell: Mephitic Cloud
  1045 | D:1      | Learned a level 2 spell: Blink
  1486 | D:1      | Reached skill level 1 in Poison Magic
  1843 | D:2      | Reached XP level 4. HP: 27/27 MP: 3/8
  2131 | D:2      | Found a sparkling altar of Nemelex Xobeh.
  2133 | D:2      | Found a shimmering altar of Xom.
  2161 | D:2      | Found a blossoming altar of Fedhas.
  2222 | D:2      | Reached skill level 1 in Air Magic
  3138 | D:3      | Reached XP level 5. HP: 31/31 MP: 9/9
  3433 | D:3      | Found a glowing golden altar of the Shining One.
  4025 | D:3      | Reached XP level 6. HP: 19/36 MP: 4/10
  4951 | D:4      | Reached skill level 4 in Poison Magic
  5541 | D:4      | Found a sacrificial altar of Ru.
  6045 | D:4      | Reached XP level 7. HP: 42/42 MP: 7/11
  6192 | D:4      | Reached skill level 1 in Fighting
  6499 | D:5      | Entered Level 5 of the Dungeon
  6678 | D:5      | Noticed Eustachio
  6974 | D:3      | Killed from afar by an orc wizard

Action                   |  1- 3 |  4- 6 |  7- 9 || total
-------------------------+-------+-------+-------++-------
Melee: Unarmed           |    11 |       |       ||    11
       Dagger            |    11 |     3 |       ||    14
       Trident           |       |    77 |    25 ||   102
 Cast: Magic Dart        |    80 |   128 |     8 ||   216
       Mephitic Cloud    |       |    10 |     5 ||    15
       Blink             |       |     1 |     1 ||     2
  Use: Scroll            |       |     4 |       ||     4
 Stab: Sleeping          |       |     6 |     1 ||     7
       Confused          |       |     4 |       ||     4
  Eat: Chunk             |     3 |    13 |     3 ||    19
